 Dungeon Crawl Stone Soup version 0.30.1-4-g462c640d31 (webtiles) character file.

Game seed: 3293969949723080733

72033 wingedge the Cleaver (level 14, -2/127 HPs)
             Began as a Demigod Fighter on Sept 13, 2023.
             Slain by a stone giant (49 damage)
             ... on level 1 of the Orcish Mines on Sept 14, 2023.
             The game lasted 01:18:38 (24291 turns).

wingedge the Cleaver (Demigod Fighter)             Turns: 24291, Time: 01:18:39

Health: -2/127     AC: 17    Str: 30    XL:     14   Next: 57%
Magic:  26/26      EV: 18    Int: 23    God:
Gold:   328        SH:  5    Dex: 15    Spells: 8/24 levels left

rFire   + . .        a - +2 battleaxe "Embalmer" {venom, Contam Str+3 Dex+2 SInv}
rCold   . . .        (shield currently unavailable)
rNeg    . . .        i - +0 fire dragon scales
rPois   +            Y - +2 helmet {Int+3}
rElec   .            (no cloak)
rCorr   +            x - +0 pair of gloves
SInv    +            g - +0 pair of boots
Will    +....        O - amulet of reflection Stlth
                     w - ring "Arophof" {Ice rPois rCorr Str+2 Int+2}
HPRegen 0.41/turn    I - +5 ring of evasion
MPRegen 0.20/turn

%: reflection
@: mighty, hasted, studying Fighting, silenced, very quick
A: high MP 1, forlorn, divine attributes
a: no special abilities


You were on level 1 of the Orcish Mines.
You visited 3 branches of the dungeon, and saw 17 of its levels.
You also visited: Bailey.

You collected 2073 gold pieces.
You spent 1745 gold pieces at shops.

Inventory:

Hand Weapons
 a - the +2 battleaxe "Embalmer" (weapon) {venom, Contam Str+3 Dex+2 SInv}
   (You acquired it on level 8 of the Dungeon)

   Str:       It affects your strength (+3).
   Dex:       It affects your dexterity (+2).
   SInv:      It lets you see invisible.
   Contam:    It causes magical contamination when unequipped.
 c - a +4 war axe
 v - a +3 longbow of flaming
Missiles
 k - 37 poisoned darts
 r - 14 boomerangs (quivered)
 W - 2 boomerangs of dispersal
Armour
 g - a +0 pair of boots (worn)
 h - +0 ice dragon scales
 i - +0 fire dragon scales (worn)
 x - a +0 pair of gloves (worn)
 U - a +3 scale mail
 X - a +0 chain mail
 Y - a +2 helmet of intelligence (worn)
Jewellery
 f - a ring of flight
 o - a +4 ring of protection
 s - a ring of see invisible
 t - a +6 ring of strength
 w - the ring "Arophof" (left hand) {Ice rPois rCorr Str+2 Int+2}
   (You bought it in a shop on level 2 of the Orcish Mines)

   [ring of ice]

   It enhances your ice magic.
   Str:       It affects your strength (+2).
   Int:       It affects your intelligence (+2).
   rF:        It makes you vulnerable to fire.
   rC:        It protects you from cold.
   rPois:     It protects you from poison.
   rCorr:     It protects you from acid and corrosion.
 D - a ring of willpower
 F - a ring of protection from cold
 I - a +5 ring of evasion (right hand)
 L - a ring of poison resistance
 O - an amulet of reflection (around neck)
Wands
 b - a wand of flame (8)
 y - a wand of roots (5)
 B - a wand of mindburst (10)
 J - a wand of light (1)
 R - a wand of paralysis (4)
Scrolls
 d - 3 scrolls of fog
 e - 3 scrolls of enchant armour
 l - a scroll of poison
 m - a scroll of immolation
 n - a scroll of vulnerability
 u - a scroll of identify
 H - 4 scrolls of teleportation
 K - a scroll of amnesia
 T - 4 scrolls of magic mapping
Potions
 j - 5 potions of magic
 p - 6 potions of attraction
 q - 2 potions of haste
 z - 4 potions of mutation
 A - 7 potions of curing
 C - 4 potions of invisibility
 E - 2 potions of might
 G - 2 potions of brilliance
 M - 2 potions of berserk rage
 N - a potion of cancellation
 P - 4 potions of flight
 V - a potion of ambrosia
 Z - 2 potions of heal wounds
Miscellaneous
 Q - a box of beasts
 S - a condenser vane


   Skills:
 * Level 12.6 Fighting
 * Level 13.4 Axes
 + Level 8.3 Throwing
 * Level 8.4 Armour
 - Level 6.0 Dodging
 - Level 3.0 Shields
 + Level 5.5 Spellcasting
 + Level 2.8 Hexes
 + Level 6.7 Translocations
 + Level 5.5 Air Magic
 - Level 7.0 Evocations


You had 8 spell levels left.
You knew the following spells:

 Your Spells              Type           Power      Damage    Failure   Level
a - Vhi's Electric Charg  Tloc/Air       68%        N/A       4%          3
b - Apportation           Tloc           74%        N/A       1%          1
c - Gell's Gravitas       Tloc           37%        N/A       3%          3
d - Teleport Other        Tloc           37%        N/A       3%          3
e - Portal Projectile     Hex/Tloc       56%        N/A       8%          3
f - Swiftness             Air            31%        N/A       6%          3

Your spell library contained the following spells:

 Spells                   Type           Power      Damage    Failure   Level
 Volatile Blastmotes      Fire/Tloc      42%        2d13      14%         3
 Ensorcelled Hibernation  Hex/Ice        38%        N/A       16%         2
 Confusing Touch          Hex            19%        N/A       17%         3
 Tukima's Dance           Hex            19%        N/A       17%         3
 Kiss of Death            Conj/Necr      24%        2d7       19%         1
 Sandblast                Erth           12%        2d6       19%         1
 Passwall                 Tmut/Erth      5%         N/A       28%         2
 Dazzling Flash           Conj/Hex       24%        N/A       32%         3
 Iskenderun's Mystic Bla  Conj/Tloc      21%        2d6       43%         4
 Call Canine Familiar     Summ           6%         N/A       50%         3
 Frozen Ramparts          Ice            18%        1d3       50%         3
 Spider Form              Tmut/Pois      6%         N/A       50%         3
 Stone Arrow              Conj/Erth      12%        3d7       50%         3
 Silence                  Hex/Air        12%        N/A       67%         5
 Anguish                  Hex/Necr       6%         N/A       71%         4
 Leda's Liquefaction      Hex/Erth       6%         N/A       71%         4
 Arcjolt                  Conj/Air       9%         1d19      86%         5
 Dispel Undead            Necr           6%         3d8       88%         4
 Ice Form                 Ice/Tmut       9%         N/A       88%         4
 Summon Ice Beast         Ice/Summ       9%         N/A       88%         4
 Agony                    Necr           6%         N/A       99%         5
 Blade Hands              Tmut           3%         N/A       99%         5
 Plasma Beam              Fire/Air       9%         2x1d22    100%        6
 Starburst                Conj/Fire      3%         6d3       100%        6


Dungeon Overview and Level Annotations

Branches:
Dungeon (10/15)            Temple (0/1) D:7            Lair (5/5) D:9
  Swamp (0/4) Lair:3       Spider (0/4) Lair:3        Slime (0/5) Lair:4
    Orc (2/2) D:10            Elf (0/3) Orc:2        Bailey (visited)

Shops:
D:6 !:(   Orc:2 *[=!

Annotations:
Lair:5 3 runed translucent doors, Wiggles's ghost, journeyman MiBe
Orc:1 1 transporter, 1 runed translucent door


Innate Abilities, Weirdness & Mutations

You have an increased reservoir of magic. (+10% MP)
You shall have no god before yourself.
Your divine heritage dramatically boosts your attributes as you level up.


Message History

The troll is almost dead.
The troll barely misses you. The troll closely misses you.
You block the troll's attack.
The orc knight shoots a bolt.
The bolt closely misses you.
You closely miss the troll.
The troll is almost dead.
The troll bites you. The troll claws you. You block the troll's attack.
The orc knight shoots a bolt.
The bolt closely misses you.
You chop the troll into pieces!!!
You kill the troll!
The orc knight unwields a +0 arbalest.
The orc knight wields a +0 war axe.
The orc knight hits you with a +0 war axe.
You slice the orc knight!!
The orc knight looks as sick as possible!
The orc knight is severely wounded.
The stone giant throws a large rock.
The large rock closely misses you.
The moth of wrath goads the stone giant on!
The stone giant goes berserk!
You slice the orc knight!!
You kill the orc knight!
You slice the stone giant!!
The stone giant looks as sick as possible!
The stone giant is lightly wounded.
The stone giant hits you!!!
Aiming: Bolt of Light
Press: ? - help, Shift-Dir - straight line, f - stone giant
Aim: a stone giant, quivering large rocks (silenced, moderately wounded, berserk, extremely poisoned, 100% to hit)
The bolt of light hits the stone giant!!
The stone giant is moderately wounded.
The stone giant is blinded.
You block the stone giant's attack.
You slice the stone giant!!
The stone giant is severely wounded.
You slash the stone giant!
The stone giant is severely wounded.
The stone giant completely misses you.
You slice the stone giant!!
The stone giant looks as sick as possible!
The stone giant is almost dead.
The stone giant hits you!!!
You die... # # # # ### ## # eeey#§

# ####### ## # .......## ######
##. ### .......).## #.##.###.. #
#y# .⌠..###.@.######......##.
###### ....$#y#.C.#y#....#.......
.....##...$$####''###..........#.
.....##..?([ ##...##.....#.......
....©##C.$)C+W#..©##©.....(......
#....##..)(:###...##.............
#....##...$$ ###++###.......[[...
###### ....$ .#y#.......>.... #y#
.⌠.. ..######.#...[..[


You could see a stone giant (berserk, blind, extremely poisoned), a deep elf
sorcerer, 2 moths of wrath and 2 deep elf pyromancers.

Vanquished Creatures
  An orc warlord (Orc:2)
  Nessos (Lair:5)
  A fire dragon (Lair:5)
  A catoblepas (Lair:4)
  6 hydras
  2 vault guards (Bailey)
  2 ogre magi (Orc:2)
  A boulder beetle (Lair:1)
  15 two-headed ogres
  10 death yaks
  A skyshark (Lair:4)
  2 deep trolls (Orc:2)
  A lindwurm (Lair:5)
  2 orc knights (Orc:1)
  A manticore (D:7)
  4 cyclopes
  An orc sorcerer (Orc:2)
  An ugly thing (D:8)
  11 elephants
  3 molten gargoyles (Lair:5)
  A gargoyle (D:10)
  8 black mambas
  13 cane toads
  A kobold demonologist (D:10)
  7 komodo dragons
  2 rime drakes
  13 trolls
  A polar bear (Lair:2)
  Prince Ribbit (D:5)
  3 hornets (D:10)
  A dream sheep (Lair:5)
  14 blink frogs
  2 jumping spiders (Lair:3)
  A spriggan (Lair:5)
  12 wyverns
  32 yaks
  4 steam dragons
  6 basilisks
  Eustachio (D:4)
  A fire elemental (Lair:3)
  4 humans (Bailey)
  4 wargs
  4 hell hounds (Lair:5)
  17 water moccasins
  21 orc warriors
  3 black bears
  19 ogres
  3 ice beasts
  24 wolves
  10 centaurs
  3 kobold brigands
  3 phantoms
  17 bullfrogs
  A gnoll sergeant (D:9)
  4 scorpions
  A wight (D:8)
  6 killer bees
  4 howler monkeys
  5 lava snakes (Lair:5)
  A jelly (D:4)
  14 orc priests
  3 gnoll boudas
  7 hounds
  2 sleepcaps
  11 orc wizards
  5 iguanas
  Robin (D:3)
  5 adders
  12 gnolls
  A shadow imp (D:6)
  A white imp (D:7)
  An ufetubus (D:5)
  2 worms
  6 dart slugs
  73 orcs
  8 ball pythons
  5 bats
  2 endoplasms
  4 giant cockroaches
  18 goblins
  11 hobgoblins
  13 jackals
  5 kobolds
  A quokka (D:2)
  5 frilled lizards
  4 rats
565 creatures vanquished.

Vanquished Creatures (others)
  A fire vortex (Lair:3)
1 creature vanquished.

Grand Total: 566 creatures vanquished

Notes
Turn   | Place    | Note
-------+----------+-------------------------------------------
     0 | D:1      | wingedge the Demigod Fighter began the quest for the Orb.
     0 | D:1      | Reached XP level 1. HP: 18/18 MP: 3/3
   104 | D:1      | Reached skill level 2 in Axes
   163 | D:1      | Reached XP level 2. HP: 22/25 MP: 4/4
   599 | D:1      | Reached XP level 3. HP: 31/31 MP: 5/5
  1391 | D:3      | Reached skill level 3 in Axes
  1391 | D:3      | Reached skill level 1 in Throwing
  1391 | D:3      | Reached XP level 4. HP: 32/38 MP: 6/6
  1481 | D:3      | Noticed Robin
  1514 | D:3      | Killed Robin
  2008 | D:3      | Reached XP level 5. HP: 45/46 MP: 7/7
  2028 | D:3      | Reached skill level 4 in Axes
  2767 | D:4      | Noticed Eustachio
  3017 | D:4      | Killed Eustachio
  3018 | D:4      | Reached XP level 6. HP: 40/52 MP: 8/8
  3640 | D:5      | Entered Level 5 of the Dungeon
  3755 | D:5      | Reached skill level 5 in Axes
  3755 | D:5      | Reached XP level 7. HP: 60/60 MP: 9/9
  3968 | D:5      | Reached skill level 5 in Fighting
  4539 | D:6      | Noticed Prince Ribbit
  4576 | D:5      | Killed Prince Ribbit
  4577 | D:5      | Reached XP level 8. HP: 28/69 MP: 10/10
  4738 | D:5      | Reached skill level 6 in Axes
  4749 | D:6      | Reached skill level 5 in Armour
  4945 | D:6      | Found Jatwuuc's Book Shop.
  4954 | D:6      | Found Tuilu's Antique Weapon Boutique.
  4954 | D:6      | Found Vumail's Distillery.
  5516 | D:7      | Noticed a cyclops
  5535 | D:7      | Killed a cyclops
  5536 | D:7      | Reached skill level 7 in Axes
  5536 | D:7      | Reached skill level 1 in Dodging
  5536 | D:7      | Reached skill level 1 in Evocations
  5536 | D:7      | Reached XP level 9. HP: 19/78 MP: 11/11
  5942 | D:7      | Found a staircase to the Ecumenical Temple.
  6045 | D:7      | Noticed a two-headed ogre
  6046 | D:7      | Noticed a manticore
  6052 | D:7      | Found a transporter.
  6060 | D:7      | Found a transporter.
  6426 | D:8      | Noticed a two-headed ogre
  6437 | D:8      | Killed a two-headed ogre
  6441 | D:8      | Noticed a green ugly thing
  6815 | D:8      | Killed a green ugly thing
  6828 | D:8      | Found a flagged portal.
  6867 | Bailey   | Entered a bailey
  7082 | Bailey   | Reached XP level 10. HP: 72/86 MP: 13/13
  7168 | Bailey   | Reached skill level 5 in Throwing
  7255 | Bailey   | Noticed a vault guard
  7262 | Bailey   | Killed a vault guard
  7263 | Bailey   | Reached skill level 8 in Axes
  7408 | Bailey   | Noticed a vault guard
  7421 | Bailey   | Killed a vault guard
  7801 | D:8      | Noticed a two-headed ogre
  7830 | D:8      | Killed a two-headed ogre
  8026 | D:8      | Identified a scroll of acquirement
  8027 | D:8      | Acquired the +2 battleaxe "Embalmer" {venom, Contam Str+3
                  | Dex+2 SInv}
  8332 | D:9      | Noticed a two-headed ogre
  8340 | D:9      | Noticed a two-headed ogre
  8342 | D:9      | Killed a two-headed ogre
  8343 | D:9      | Reached skill level 9 in Axes
  8347 | D:9      | Killed a two-headed ogre
  8348 | D:9      | Reached XP level 11. HP: 58/94 MP: 14/14
  9121 | D:9      | Found a staircase to the Lair.
  9267 | D:9      | Reached skill level 1 in Air Magic
  9588 | D:6      | Bought a potion of berserk rage for 65 gold pieces
  9588 | D:6      | Bought a potion of cancellation for 104 gold pieces
  9588 | D:6      | Bought a potion of curing for 39 gold pieces
  9588 | D:6      | Bought a potion of invisibility for 104 gold pieces
  9588 | D:6      | Bought a potion of heal wounds for 65 gold pieces
  9682 | D:7      | Reached skill level 1 in Translocations
  9686 | D:7      | Killed a two-headed ogre
  9687 | D:7      | Reached skill level 5 in Dodging
  9869 | Lair:1   | Entered Level 1 of the Lair of Beasts
  9889 | Lair:1   | Acquired a manual of Fighting
  9896 | Lair:1   | Learned a level 3 spell: Vhi's Electric Charge
 10471 | Lair:1   | Noticed a boulder beetle
 10483 | Lair:1   | Killed a boulder beetle
 10771 | Lair:1   | You fall into a shaft and drop 1 floor!
 10809 | Lair:2   | Reached skill level 10 in Axes
 12128 | Lair:3   | Noticed a four-headed hydra
 12143 | Lair:3   | Killed a nine-headed hydra
 12144 | Lair:3   | Reached XP level 12. HP: 38/104 MP: 15/15
 12207 | Lair:3   | Noticed a four-headed hydra
 12221 | Lair:3   | Killed a four-headed hydra
 12533 | Lair:3   | Reached skill level 1 in Spellcasting
 12554 | Lair:3   | Found a hole to the Spider Nest.
 12893 | Lair:3   | Noticed a seven-headed hydra
 12907 | Lair:3   | Killed a seven-headed hydra
 12908 | Lair:3   | Reached skill level 5 in Evocations
 13238 | Lair:3   | Found a staircase to the Swamp.
 13346 | Lair:3   | Reached skill level 10 in Fighting
 13855 | Lair:4   | Reached skill level 11 in Axes
 14483 | Lair:4   | Noticed a four-headed hydra
 14489 | Lair:4   | Killed a four-headed hydra
 14500 | Lair:4   | Noticed a catoblepas
 14516 | Lair:4   | Killed a catoblepas
 14729 | Lair:4   | Reached XP level 13. HP: 77/114 MP: 21/21
 15357 | Lair:4   | Found a staircase to the Slime Pits.
 15638 | Lair:4   | Reached skill level 5 in Translocations
 16189 | Lair:5   | Entered Level 5 of the Lair of Beasts
 16273 | Lair:5   | Reached skill level 12 in Axes
 16952 | Lair:5   | Found a runed translucent gate.
 16952 | Lair:5   | Found a runed translucent gate.
 16952 | Lair:5   | Found a runed translucent gate.
 17016 | Lair:5   | Noticed Nessos
 17022 | Lair:5   | Killed Nessos
 17743 | Lair:5   | Noticed Wiggles's ghost (journeyman MiBe)
 18111 | Lair:5   | HP: 3/117 [komodo dragon (12)]
 19212 | Lair:5   | Found a large runed translucent door.
 19212 | Lair:5   | Found a large runed translucent door.
 19249 | Lair:5   | Got the Compilation of the Blink Frog
 19252 | Lair:5   | Learned a level 1 spell: Apportation
 19256 | Lair:5   | Learned a level 3 spell: Gell's Gravitas
 19260 | Lair:5   | Learned a level 3 spell: Teleport Other
 19264 | Lair:5   | Learned a level 3 spell: Portal Projectile
 19840 | D:10     | Entered Level 10 of the Dungeon
 20140 | D:10     | Reached XP level 14. HP: 104/126 MP: 23/25
 20530 | D:10     | Found a staircase to the Orcish Mines.
 20535 | D:10     | Reached skill level 1 in Hexes
 20552 | D:10     | Learned a level 3 spell: Swiftness
 20970 | Orc:1    | Entered Level 1 of the Orcish Mines
 20975 | Orc:1    | Reached skill level 5 in Spellcasting
 20993 | Orc:1    | Found a transporter.
 21071 | Orc:1    | Found a transporter.
 21362 | Orc:2    | Entered Level 2 of the Orcish Mines
 21412 | Orc:1    | Reached skill level 13 in Axes
 21671 | Orc:2    | Reached skill level 5 in Air Magic
 22797 | Orc:2    | Found a staircase to the Elven Halls.
 22812 | Orc:2    | Noticed an orc warlord
 23226 | Orc:2    | Killed an orc warlord
 23666 | Orc:2    | Found Syofao's Assorted Antiques.
 23667 | Orc:2    | Found Wimmes's Armour Shoppe.
 23668 | Orc:2    | Found Ketoatipu's Jewellery Shop.
 23686 | Orc:2    | Found Etittax's Distillery.
 24131 | Orc:1    | Found the necklace of Bloodlust {Fury *Rage Will++ Int-3
                  | Slay+6}
 24182 | Orc:2    | Bought a +1 helmet of intelligence for 231 gold pieces
 24200 | Orc:2    | Bought the ring "Arophof" {Ice rPois rCorr Str+2 Int+2} for
                  | 753 gold pieces
 24217 | Orc:2    | Bought 2 potions of heal wounds for 160 gold pieces
 24217 | Orc:2    | Bought a potion of haste for 160 gold pieces
 24217 | Orc:2    | Bought a potion of might for 64 gold pieces
 24273 | Orc:1    | Found a runed translucent door.
 24276 | Orc:1    | Noticed a deep elf sorcerer
 24291 | Orc:1    | Slain by a stone giant

Illustrated notes

Levels and vault maps discovered:
D:1:      erik_arrival_orb_chamber, layout_loops_ring
D:2:      layout_rooms, basic_altar
D:3:      layout_basic, mainiacjoe_overflow_concentric_impassable, uniq_robin
D:4:      layout_loops_cross, amcnicky_altar_gilded,
          nicolae_ru_the_path_less_chosen, nicolae_overflow_hidden_temple,
          uniq_eustachio
D:5:      layout_loops_ring
D:6:      layout_basic, nicolae_wooded_promenade, kennysheep_flooded_box,
          uniq_prince_ribbit1
D:7:      layout_cave_pools, gammafunk_temple_overflow_arena,
          minmay_temple_entry_mist
D:8:      layout_basic, nemelex_spade_bored_becter, enter_bailey_4,
          minmay_joined_circles
D:9:      layout_basic, grunt_qazlal_sundering, mainiacjoe_overflow_catwalk,
          minmay_lair_entry_grove
D:10:     layout_rooms, nzn_wu_jian_contemplation,
          grunt_dithmenos_smoke_and_mirrors, palyth_stone_intersect,
          minmay_alternating_orb
Lair:1:   layout_cave_pods, grunt_megastairs_5, lemuel_fruit_tree
Lair:2:   layout_gridlike, chequers_serial_rivers_small_b
Lair:3:   beast_lair_carwin_large_4, layout_gridlike, swamp_mist_pool,
          spider_nest_entry_a, lemuel_centaur_altar
Lair:4:   layout_cave_pods, slime_entry_1, grunt_megastairs_2
Lair:5:   cheibrodos_lair_end_hotspot, layout_layer_cave,
          gammafunk_ghost_necromancy, grunt_forest_large_clearing_hut,
          uniq_nessos
Orc:1:    emtedronai_trogs_sanctum, layout_caves
Orc:2:    st_orc_open, layout_diamond_mine

Skill      XL: |  1  2  3  4  5  6  7  8  9 10 11 12 13 14 |
---------------+-------------------------------------------+-----
Axes           | 2 3 4 5 7 9 10 11 12 13 | 13.4
Fighting       | 3 4 5 6 7 8 9 10 12 | 12.6
Shields        | 3 |  3.0
Armour         | 3 4 6 7 8 |  8.4
Throwing       | 1 2 3 4 6 7 8 |  8.3
Dodging        | 1 3 4 5 6 |  6.0
Evocations     | 1 3 4 5 7 |  7.0
Air Magic      | 2 4 5 |  5.5
Translocations | 2 4 6 |  6.7
Spellcasting   | 3 4 5 |  5.5
Hexes          | 2 |  2.8

Action                     |  1- 3 |  4- 6 |  7- 9 | 10-12 | 13-15 || total
---------------------------+-------+-------+-------+-------+-------++-------
  Melee: War axe           |   127 |   222 |   332 |    55 |       ||   736
         Broad axe         |       |       |       |    31 |       ||    31
         Battleaxe         |       |       |       |   428 |   526 ||   954
  Throw: Dart              |     1 |     3 |     1 |       |       ||     5
         Boomerang         |       |       |     5 |    51 |    39 ||    95
   Cast: Vhi's Electric Ch |       |       |       |     3 |    69 ||    72
         Portal Projectile |       |       |       |       |     3 ||     3
         Gell's Gravitas   |       |       |       |       |     2 ||     2
         Teleport Other    |       |       |       |       |     1 ||     1
         Swiftness         |       |       |       |       |     1 ||     1
  Evoke: Wand              |       |       |     3 |     4 |     7 ||    14
         Box of beasts     |       |       |       |       |     1 ||     1
    Use: Potion            |       |       |     2 |     1 |    14 ||    17
         Scroll            |       |       |    10 |    13 |    13 ||    36
   Stab: Invisible         |       |       |       |       |     1 ||     1
 Armour: Scale mail        |    25 |       |       |       |   217 ||   242
         Ice dragon scales |    53 |   168 |   159 |   250 |    30 ||   660
         Fire dragon scale |       |       |       |       |     3 ||     3
  Dodge: Dodged            |    63 |   115 |   145 |   633 |   549 ||  1505
  Block: Buckler           |    37 |    70 |    83 |    17 |       ||   207
         Other             |       |       |       |   112 |   174 ||   286
         Reflection        |       |       |       |     9 |     9 ||    18
